 Dungeon Crawl Stone Soup version 0.26-a0-652-gafc20e3620 (webtiles) character file.

Game seed: 1681207622682237285

84 DogServant the Digger (level 4, 12/24 HPs)
             Began as a Gargoyle Earth Elementalist on Oct 3, 2020.
             Quit the game on level 2 of the Dungeon.
             The game lasted 00:03:02 (2548 turns).

DogServant the Digger (Gargoyle Earth Elementalist) Turns: 2548, Time: 00:03:02

Health: 12/24      AC:  5    Str: 12    XL:     4   Next: 46%
Magic:  8/8        EV: 12    Int: 16    God:
Gold:   66         SH:  0    Dex: 10    Spells: 8/9 levels left

rFire    + . .     SeeInvis .   f - +0 short sword
rCold    x . .     Faith    .   (no shield)
rNeg     + . .     Spirit   .   c - +0 robe
rPois    ∞         Reflect  .   (no helmet)
rElec    +         Harm     .   (no cloak)
rCorr    .         Rampage  .   (no gloves)
MR       .....                  (no boots)
Stlth    ++........             (no amulet)
HPRegen  0.08/turn              e - ring of fire
MPRegen  0.11/turn              (no ring)

@: no status effects
A: negative energy resistance 1, electricity resistance, unbreathing,
petrification resistance, rot immunity, AC +3
a: no special abilities


You were on level 2 of the Dungeon.
You visited 1 branch of the dungeon, and saw 2 of its levels.

You collected 66 gold pieces.

Inventory:

Hand Weapons
 f - a +0 short sword (weapon)
Missiles
 b - 8 stones (quivered)
Armour
 c - a +0 robe (worn)
Jewellery
 e - a ring of fire (left hand)
Scrolls
 a - a scroll of magic mapping {unknown}
 d - 2 scrolls of identify {unknown}
 g - a scroll of noise {unknown}
 h - a scroll of teleportation {unknown}
 k - 3 scrolls of blinking {unknown}
 l - a scroll of random uselessness {unknown}
Potions
 i - a potion of mutation {unknown}
 j - a potion of heal wounds {unknown}


   Skills:
 - Level 1.5 Dodging
 - Level 2.1 Stealth
 + Level 3.2 Spellcasting
   Level 0.7 Transmutations
 + Level 5.0 Earth Magic


You had 8 spell levels left.
You knew the following spells:

 Your Spells              Type           Power        Failure   Level
a - Sandblast             Erth           ###...       2%          1

Your spell library contained the following spells:

 Spells                   Type           Power        Failure   Level
 Passwall                 Tmut/Erth      ##......     9%          2
 Stone Arrow              Conj/Erth      ##....       19%         3
 Petrify                  Tmut/Erth      ##......     50%         4
 Lee's Rapid Deconstruct  Erth           ###.......   54%         5


Dungeon Overview and Level Annotations

Branches:
Dungeon (2/15)

Altars:


Innate Abilities, Weirdness & Mutations

You are resistant to torment.
Your stone body is resilient. (AC +3)
You are immune to poison.
You resist negative energy. (rN+)
You are resistant to electric shocks. (rElec)
You can survive without breathing.
You are immune to petrification.
You are immune to rotting.


Message History

You hit the frilled lizard.
The frilled lizard is heavily wounded.
The frilled lizard bites you but does no damage.
The kobold barely misses you. The frilled lizard barely misses you.
You barely miss the frilled lizard.
The frilled lizard is heavily wounded.
A gnoll comes into view. It is wielding a +0 spear.
The kobold hits you but does no damage. The frilled lizard barely misses you.
You miss the frilled lizard.
The frilled lizard is heavily wounded.
The kobold completely misses you. The frilled lizard bites you.
You barely miss the frilled lizard.
The frilled lizard is heavily wounded.
The kobold barely misses you. The frilled lizard bites you.
You closely miss the frilled lizard.
The frilled lizard is heavily wounded.
The kobold hits you. The frilled lizard misses you. The gnoll hits you!
The gnoll closely misses you.
Are you sure you want to abandon this character and quit the game? (Confirm with "yes".)

#............
#............
#.[.....[....
#............
#########K.###....
#........g.## #+#
#......l....# #
#....)g.....# ####
#....@g.....## #..)
#............# #...
#..........#.###.##...
############..##.##...
##.##.##... #.##.##...
########.##.##.##
#.........#.##.#.
#.....)...#.##.#.


You could see 3 gnolls, a kobold and a frilled lizard.

Vanquished Creatures
  4 gnolls (D:2)
  An adder (D:2)
  2 worms (D:2)
  A dart slug (D:1)
  A leopard gecko (D:1)
  3 bats
  2 goblins
  6 hobgoblins
  5 jackals (D:1)
  2 kobolds
  A rat (D:1)
28 creatures vanquished.

Notes
Turn   | Place    | Note
-------+----------+-------------------------------------------
     0 | D:1      | DogServant the Gargoyle Earth Elementalist began the quest
                  | for the Orb.
     0 | D:1      | Reached XP level 1. HP: 10/10 MP: 3/3
   663 | D:1      | Reached XP level 2. HP: 15/15 MP: 3/5
   665 | D:1      | Reached skill level 4 in Earth Magic
  1608 | D:2      | Reached XP level 3. HP: 17/19 MP: 6/6
  2041 | D:2      | Reached XP level 4. HP: 12/24 MP: 0/8
  2042 | D:2      | HP: 1/24 [gnoll/+0 spear (2)]
  2045 | D:2      | Reached skill level 5 in Earth Magic
  2548 | D:2      | Quit the game

Illustrated notes

Levels and vault maps discovered:
D:1:      matt_arrival_refuge, layout_basic, minmay_misc_feat_more_columns
D:2:      layout_basic, minmay_tetromino_t4

Skill      XL: |  1  2  3  4 |
---------------+-------------+-----
Earth Magic    | 4 5 |  5.0
Spellcasting   | 3 |  3.2
Dodging        | |  1.5
Stealth        | |  2.1
Transmutations | |  0.7

Action                   |  1- 3 |  4- 6 || total
-------------------------+-------+-------++-------
Melee: Unarmed           |     9 |       ||     9
       Short sword       |    61 |    12 ||    73
 Cast: Sandblast         |    30 |     7 ||    37
Armor: Robe              |    24 |     7 ||    31
Dodge: Dodged            |    69 |    15 ||    84

Table legend: (Time is in decaauts)
 A = Elapsed time spent in this place.
 B = Non-inter-level travel time spent in this place.
 C = Inter-level travel time spent in this place.
 D = Time resting spent in this place.
 E = Time spent auto-exploring this place.
 F = Levels seen in this place.
 G = Mean time per level.
                   A        B        C        D        E       F      G
               +--------+--------+--------+--------+--------+-----+--------+
         Total |   2555 |   2529 |     26 |   1120 |   1085 |   2 | 1277.5 |
       Dungeon |   2555 |   2529 |     26 |   1120 |   1085 |   2 | 1277.5 |
               +--------+--------+--------+--------+--------+-----+--------+

Top non-repeatable levels by time:
     D:1: 1873 daAuts
     D:2: 681 daAuts
